 Dungeon Crawl Stone Soup version 0.30-a0-373-gd37427bb62 (webtiles) character file.

Game seed: 16390854116571033813

345 pokeman the Magician (level 6, -1/31 (34) HPs)
             Began as a Deep Elf Hedge Wizard on Nov 24, 2022.
             Slain by an orc
             ... wielding a +0 hand axe
              (2 damage)
             ... on level 5 of the Dungeon.
             The game lasted 00:06:45 (3450 turns).

pokeman the Magician (Deep Elf Hedge Wizard)        Turns: 3450, Time: 00:06:46

HP:   -1/31 (34)    AC:  4    Str:  7    XL:     6   Next: 32%
MP:   11/18         EV: 12    Int: 21    God:
Gold: 311           SH:  0    Dex: 14    Spells: 11/19 levels left

rFire   . . .      SeeInvis .    o - +0 arbalest
rCold   . . .      Faith    .    (shield currently unavailable)
rNeg    . . .      Spirit   .    u - +0 leather armour
rPois   .          Reflect  .    c - +0 hat
rElec   .          Harm     .    (no cloak)
rCorr   .          Rampage  .    k - +0 pair of gloves
Will    .....                    (no boots)
Stlth   ++........               (no amulet)
HPRegen 0.25/turn                (no ring)
MPRegen 0.16/turn                (no ring)

@: lethally poisoned (-1 -> -13), on blink cooldown, flying, hasted, drained,
very quick
A: no striking features
a: no special abilities


You were on level 5 of the Dungeon.
You visited 1 branch of the dungeon, and saw 5 of its levels.

You collected 311 gold pieces.

Inventory:

Hand Weapons
 o - a +0 arbalest (weapon)
 v - a +2 short sword of venom
Armour
 c - a +0 hat (worn)
 k - a +0 pair of gloves (worn)
 u - a +0 leather armour (worn)
Magical Staves
 b - a staff of fire
Jewellery
 j - a ring of fire
 w - an amulet of guardian spirit
Wands
 s - a wand of polymorph (7)
Scrolls
 e - a scroll of blinking {unknown}
 f - 7 scrolls of identify {unknown}
 l - 3 scrolls of brand weapon {unknown}
 p - 4 scrolls of amnesia {unknown}
 r - 2 scrolls of teleportation {unknown}
 t - a scroll of summoning {unknown}
 x - a scroll of poison {unknown}
 y - a scroll of fog {unknown}
Potions
 a - a potion of flight
 d - 2 potions of magic
 h - a potion of brilliance {unknown}
 i - 2 potions of heal wounds {unknown}
 m - 3 potions of curing {unknown}
 n - a potion of might {unknown}
 q - a potion of degeneration {unknown}
 z - 2 potions of attraction {unknown}
 A - a potion of lignification {unknown}


   Skills:
 + Level 1.0 Fighting
 - Level 1.0 Armour
 - Level 3.0 Dodging
 - Level 3.1 Stealth
 * Level 7.0 Spellcasting
 + Level 3.1 Conjurations
 - Level 1.1 Summonings
 - Level 1.1 Translocations
 - Level 1.0 Fire Magic
 - Level 1.0 Air Magic
 - Level 1.1 Poison Magic
 + Level 0.6 Evocations


You had 11 spell levels left.
You knew the following spells:

 Your Spells              Type           Power      Damage    Failure   Level
a - Magic Dart            Conj           80%        1d7       3%          1
b - Mephitic Cloud        Conj/Pois/Air  14%        N/A       19%         3
c - Call Imp              Summ           11%        N/A       12%         2
d - Blink                 Tloc           22%        N/A       12%         2

Your spell library contained the following spells:

 Spells                   Type           Power      Damage    Failure   Level
 Static Discharge         Conj/Air       32%        2-4/arc   9%          2
 Sting                    Tmut/Pois      36%        1d4       11%         1
 Slow                     Hex            28%        N/A       13%         1
 Poisonous Vapours        Pois/Air       22%        N/A       13%         2
 Cigotuvi's Dreadful Rot  Necr/Pois/Air  20%        N/A       14%         2
 Dazzling Flash           Conj/Hex       28%        N/A       21%         3
 Vhi's Electric Charge    Tloc/Air       22%        N/A       26%         3
 Iskenderun's Mystic Bla  Conj/Tloc      16%        2d5       47%         4
 Olgreb's Toxic Radiance  Pois           11%        N/A       63%         4
 Arcjolt                  Conj/Air       8%         1d18      83%         5
 Lightning Bolt           Conj/Air       8%         1d20      83%         5
 Starburst                Conj/Fire      8%         6d4       100%        6


Dungeon Overview and Level Annotations

Branches:
Dungeon (5/15)
 Temple: D:4-7

Altars:

Annotations:
D:5 Grinder


Message History

The orc wizard is engulfed in noxious fumes.
Unknown command.
Fire: o) +0 arbalest
Press: ? - help, Q - select action, (/) - cycle Shift-Dir - straight line, f/p - orc wizard
Aim: an orc wizard, wielding a +2 dagger of venom and wearing a +0 robe (noxious fumes, 40% to hit)
You shoot a bolt. The bolt barely misses the orc wizard.
The orc wizard is engulfed in noxious fumes.
The orc wizard appears confused.
The orc wizard hits you with a +2 dagger of venom.
You are poisoned.
Fire: o) +0 arbalest
Press: ? - help, Q - select action, (/) - cycle Shift-Dir - straight line, f/p - orc wizard
Aim: an orc wizard, wielding a +2 dagger of venom and wearing a +0 robe (confused, 69% to hit)
You shoot a bolt.
The bolt hits the orc wizard but does no damage.
You feel very sick.
The orc wizard hits you with a +2 dagger of venom.
You are lethally poisoned!
The orc wizard hits you but does no damage.
You are more poisoned.
The orc hits you but does no damage.
Casting: Mephitic Cloud (quite dangerous; 19% risk of failure)
Confirm with . or Enter, or press ? or * to list all spells.
You blink.
An orc comes into view. It is wielding a +0 short sword.
The orc shouts!
* * * LOW HITPOINT WARNING * * *
You feel very sick.
It was a potion of flight.
You feel very buoyant.
You fly up into the air.
* * * LOW HITPOINT WARNING * * *
You feel very sick.
An orc comes into view. It is wielding a +0 club.
It was a potion of haste.
You feel yourself speed up.
* * * LOW HITPOINT WARNING * * *
You feel very sick.
Grinder shouts!
The orc hits you with a +0 hand axe.
You die...

#............#.......#
#......##...##..##...#
#########5on##..##...#
#.........)...#
#.....o[......#
#........o....#
#.............#
#...........<.#
#.......@o....#
###############


You could see Grinder, a necrophage, an orc wizard (confused) and 3 orcs.

Vanquished Creatures
  A necrophage (D:4)
  An orc priest (D:4)
  An iguana (D:4)
  4 orc wizards
  A gnoll (D:1)
  2 adders
  A worm (D:4)
  3 dart slugs
  13 orcs
  6 endoplasms
  3 giant cockroaches
  6 goblins
  7 hobgoblins
  6 jackals
  4 quokkas
  5 ball pythons
  2 bats (D:1)
  2 frilled lizards
  7 kobolds
  5 rats
80 creatures vanquished.

Vanquished Creatures (collateral kills)
  An orc (D:5)
1 creature vanquished.

Grand Total: 81 creatures vanquished

Notes
Turn   | Place    | Note
-------+----------+-------------------------------------------
     0 | D:1      | pokeman the Deep Elf Hedge Wizard began the quest for the
                  | Orb.
     0 | D:1      | Reached XP level 1. HP: 10/10 MP: 7/7
   204 | D:1      | Reached XP level 2. HP: 15/16 MP: 1/9
   556 | D:1      | Reached skill level 5 in Spellcasting
   621 | D:1      | Reached XP level 3. HP: 20/20 MP: 4/11
   625 | D:1      | Learned a level 3 spell: Mephitic Cloud
   628 | D:1      | Learned a level 2 spell: Call Imp
   631 | D:1      | Learned a level 2 spell: Blink
  1197 | D:2      | Reached skill level 1 in Armour
  1211 | D:2      | Reached skill level 1 in Fighting
  1726 | D:3      | Reached XP level 4. HP: 25/25 MP: 13/13
  2241 | D:4      | Noticed a necrophage
  2251 | D:4      | Killed a necrophage
  2252 | D:4      | Reached skill level 6 in Spellcasting
  2252 | D:4      | Reached XP level 5. HP: 17/29 MP: 2/15
  2579 | D:4      | Reached skill level 1 in Fire Magic
  2930 | D:4      | Reached skill level 1 in Air Magic
  2930 | D:4      | Reached XP level 6. HP: 34/34 MP: 15/17
  3181 | D:5      | Entered Level 5 of the Dungeon
  3199 | D:5      | Noticed Grinder
  3325 | D:5      | HP: 1/29 [something/puff of flame (11)]
  3445 | D:5      | Reached skill level 7 in Spellcasting
  3445 | D:5      | Reached skill level 1 in Poison Magic
  3450 | D:5      | HP: 1/31 [poisoned by an orc wizard]
  3450 | D:5      | Slain by an orc

Illustrated notes

Levels and vault maps discovered:
D:1:      heliophobic_arrival_battle_scene, layout_rooms,
          amcnicky_mini_rare_corridor_liquid
D:2:      layout_basic, minmay_misc_feat_encased
D:3:      layout_basic
D:4:      layout_basic
D:5:      layout_gridville, minmay_parallelograms, chequers_garden, uniq_grinder

Skill      XL: |  1  2  3  4  5  6 |
---------------+-------------------+-----
Spellcasting   | 5 6 7 |  7.0
Armour         | 1 |  1.0
Fighting       | 1 |  1.0
Conjurations   | 2 3 |  3.1
Dodging        | 3 |  3.0
Stealth        | 3 |  3.1
Fire Magic     | 1 |  1.0
Air Magic      | 1 |  1.0
Poison Magic   | 1 |  1.1
Summonings     | |  1.1
Translocations | |  1.1
Evocations     | |  0.6

Action                   |  1- 3 |  4- 6 || total
-------------------------+-------+-------++-------
Melee: Dagger            |     8 |       ||     8
       Flail             |     5 |       ||     5
 Fire: Arbalest          |    12 |    47 ||    59
 Cast: Magic Dart        |    85 |    45 ||   130
       Mephitic Cloud    |       |     7 ||     7
       Blink             |       |     1 ||     1
  Use: Potion            |       |     2 ||     2
Armor: Robe              |    12 |     1 ||    13
       Leather armour    |       |    12 ||    12
Dodge: Dodged            |    23 |    16 ||    39

Table legend: (Time is in decaauts)
 A = Elapsed time spent in this place.
 B = Non-inter-level travel time spent in this place.
 C = Inter-level travel time spent in this place.
 D = Time resting spent in this place.
 E = Time spent auto-exploring this place.
 F = Levels seen in this place.
 G = Mean time per level.
                   A        B        C        D        E       F      G
               +--------+--------+--------+--------+--------+-----+--------+
         Total |   3506 |   3406 |    100 |    112 |   2724 |   5 |  701.2 |
       Dungeon |   3506 |   3406 |    100 |    112 |   2724 |   5 |  701.2 |
               +--------+--------+--------+--------+--------+-----+--------+

Top non-repeatable levels by time:
     D:4: 1186 daAuts
     D:1: 1091 daAuts
     D:2: 639 daAuts
     D:3: 484 daAuts
     D:5: 104 daAuts
